 Dungeon Crawl Stone Soup version 0.26-a0-259-g1effd001a9 (webtiles) character file.

Game seed: 17295986427399247737

19400 Apogee the Destroyer (level 13, -13/94 HPs)
             Began as a Human Conjurer on July 27, 2020.
             Was an Elder of Sif Muna.
             Mangled by an orc knight
             ... wielding a +0 great mace
              (37 damage)
             ... on level 2 of the Orcish Mines.
             The game lasted 00:55:51 (20759 turns).

Apogee the Destroyer (Human Conjurer)              Turns: 20759, Time: 00:55:51

Health: -13/94     AC: 14    Str: 13    XL:     13   Next: 4%
Magic:  23/27      EV: 15    Int: 27    God:    Sif Muna [****..]
Gold:   727        SH:  5    Dex: 12    Spells: 14/32 levels left

rFire    + . .     SeeInvis +   R - +9 rapier "Buliys" {holy, MR++ Int+4}
rCold    . . .     Faith    .   a - +0 buckler
rNeg     . . .     Spirit   .   G - +2 acid dragon scales
rPois    .         Reflect  .   s - +0 helmet
rElec    .         Harm     .   v - +1 cloak of Curiosity {rF+ MR+ Str+5}
rCorr    +                      T - +0 pair of gloves
MR       +++..                  (no boots)
Stlth    +.........             (no amulet)
HPRegen  0.25/turn              (no ring)
MPRegen  0.20/turn              z - ring of see invisible

@: lightly drained
A: no striking features
a: Channel Magic, Forget Spell, Divine Exegesis, Renounce Religion


You were on level 2 of the Orcish Mines.
You worshipped Sif Muna.
Sif Muna was greatly pleased with you.
You were not hungry.

You visited 4 branches of the dungeon, and saw 15 of its levels.

You collected 772 gold pieces.
You spent 45 gold pieces at shops.

Inventory:

Hand Weapons
 f - a +0 dagger
   (You found it on level 1 of the Dungeon)
 g - a +0 short sword of venom
   (You found it on level 1 of the Dungeon)
 D - a +3 spear of venom
   (You took it off a gnoll sergeant on level 6 of the Dungeon)
 F - the +9 staff of Olgreb {rPois∞}
   (You found it on level 7 of the Dungeon)

   It grants immunity to poison.
 R - the +9 rapier "Buliys" (weapon) {holy, MR++ Int+4}
   (You took it off an orc on level 10 of the Dungeon)

   It has been blessed by the Shining One to cause great damage to the undead
   and demons.
   It affects your intelligence (+4).
   It affects your resistance to hostile enchantments.
Missiles
 h - 318 stones (quivered)
 i - 14 boomerangs
 N - 3 throwing nets {!f}
Armour
 a - a +0 buckler (worn)
   (You took it off a gnoll sergeant on level 6 of the Dungeon)
 s - a +0 helmet (worn)
   (You took it off Robin on level 4 of the Dungeon)
 v - the +1 cloak of Curiosity (worn) {rF+ MR+ Str+5}
   (You found it on level 6 of the Dungeon)

   It affects your strength (+5).
   It protects you from fire.
   It affects your resistance to hostile enchantments.
 G - +2 acid dragon scales (worn)
   (You took it off Maggie on level 6 of the Dungeon)
 J - the +3 leather armour "Cesso" {rElec rF+ MR- rCorr}
   (You found it on level 7 of the Dungeon)

   It protects you from fire.
   It insulates you from electricity.
   It affects your resistance to hostile enchantments.
   It provides partial protection from all sources of acid and corrosion.
 T - a +0 pair of gloves (worn)
   (You found it on level 10 of the Dungeon)
Jewellery
 n - an uncursed ring of see invisible
   (You found it on level 2 of the Dungeon)
 z - a ring of see invisible (right hand)
   (You found it on level 7 of the Dungeon)
 O - an uncursed amulet of regeneration
   (You found it on level 8 of the Dungeon)
 P - an uncursed ring of teleportation
   (You found it on level 11 of the Dungeon)
Wands
 c - a wand of disintegration (13)
   (You found it on level 4 of the Dungeon)
 t - a wand of flame (16)
   (You found it on level 10 of the Dungeon)
 u - a wand of paralysis (9)
   (You found it on level 6 of the Dungeon)
 x - a wand of acid (5)
   (You took it off Maurice on level 10 of the Dungeon)
Scrolls
 l - a scroll of acquirement
 o - 3 scrolls of remove curse {@r2}
 w - 4 scrolls of teleportation {@r4}
 y - 2 scrolls of blinking
 B - 5 scrolls of amnesia
 Q - 3 scrolls of enchant weapon
 U - 2 scrolls of identify {@r1}
 V - 3 scrolls of fear
Potions
 b - 4 potions of stabbing
 j - 3 potions of magic
 k - 5 potions of heal wounds {@q2}
 m - a potion of cancellation
 q - 3 potions of might
 A - a potion of ambrosia
 E - 6 potions of curing {@q1}
 H - 3 potions of flight {unknown}
 I - 3 potions of resistance {unknown}
 M - a potion of brilliance {unknown}
 S - 4 potions of lignification {unknown}
 Y - 3 potions of mutation {!q}
 Z - a potion of invisibility {unknown}
Comestibles
 e - 24 rations {!d}


   Skills:
 + Level 6.4(6.3) Fighting
 - Level 6.0 Armour
 - Level 7.5(7.4) Dodging
 - Level 2.0(1.9) Stealth
 - Level 5.0(4.9) Shields
 - Level 10.0(9.9) Spellcasting
 - Level 10.7 Conjurations
 + Level 6.3 Hexes
 - Level 4.0(3.9) Translocations


You had 14 spell levels left.
You knew the following spells:

 Your Spells              Type           Power        Failure   Level
a - Magic Dart            Conj           ####         1%          1
b - Dazzling Flash        Conj/Hex       ######       1%          3
s - Searing Ray           Conj           ######       1%          2
v - Passage of Golubria   Tloc           N/A          12%         4
x - Iskenderun's Mystic   Conj/Tloc      ######..     3%          4
z - Fulminant Prism       Conj/Hex       ######....   1%          4

Your spell library contained the following spells:

 Spells                   Type           Power        Failure   Level
 Foxfire                  Conj/Fire      ####         1%          1
 Stone Arrow              Conj/Erth      #####.       1%          3
 Summon Guardian Golem    Hex/Summ       ####....     4%          3
 Beastly Appendage        Tmut           ##....       6%          1
 Corpse Rot               Necr/Air       N/A          10%         2
 Passwall                 Tmut/Erth      ##......     10%         2
 Sticks to Snakes         Tmut           ##......     10%         2
 Swiftness                Chrm/Air       ##......     10%         2
 Spider Form              Tmut/Pois      ##........   19%         3
 Fireball                 Conj/Fire      #####.....   19%         5
 Ice Form                 Ice/Tmut       ##......     52%         4
 Darkness                 Hex            #####.....   56%         6
 Invisibility             Hex            #####...     56%         6
 Summon Forest            Summ/Tloc      ###.......   58%         5
 Conjure Ball Lightning   Conj/Air       #####.....   71%         6
 Blade Hands              Tmut           ##........   86%         5
 Lee's Rapid Deconstruct  Erth           ##........   86%         5
 Eringya's Noxious Bog    Tmut/Pois      ##........   100%        6
 Hydra Form               Tmut           ##........   100%        6
 Summon Hydra             Summ           ##........   100%        7


Dungeon Overview and Level Annotations

Branches:
Dungeon (11/15)            Temple (1/1) D:4            Lair (1/6) D:10
    Orc (2/2) D:10
    Elf: Orc:2

Altars:
Ashenzari
Cheibriados
Dithmenos
Elyvilon
Fedhas
Gozag
Hepliaklqana
Kikubaaqudgha
Makhleb
Nemelex Xobeh
Okawaru
Qazlal
Ru
Sif Muna
Trog
Uskayaw
Vehumet
Wu Jian
Xom
Yredelemnul
Zin
The Shining One

Shops:
D:4 !   D:5 !   D:6 ?   D:10 (

Annotations:
D:2 Natasha
Orc:1 3 runed translucent doors, Arthanis's ghost, journeyman GrBe; Neptetom's ghost, journeyman GnCj; Neylexil's ghost, journeyman KoAM; Ular's ghost, journeyman MiFi


Message History

Sif Muna accepts your kill.
The mystic blast hits the orc knight!
The orc knight is knocked back by the mystic blast.
Aim: an orc knight, wielding a +0 battleaxe and wearing a +0 chain mail (heavily wounded, strong)
The searing ray hits the orc knight! (Press . to maintain the ray.)
The searing ray hits the orc knight!
The searing ray hits the orc knight.
You erupt in a blast of force!
The mystic blast hits the orc knight!
You kill the orc knight!
Sif Muna accepts your kill.
You start resting.
You start resting.
You climb downwards.
A troll comes into view.
The troll shouts!
You hear a shout!
The two-headed ogre barely misses you. The two-headed ogre misses you.
The orc knight barely misses you.
The orc knight roars a battlecry!
The orcs go into a battle-frenzy!
The orc knight roars a battlecry!
The orc knight goes into a battle-frenzy!
The orc knight barely misses you.
An orc knight comes into view. It is wielding a +2 war axe.
The orc warrior misses you.
The two-headed ogre hits you with a +0 giant club!
The two-headed ogre barely misses you.
There is a stone staircase leading up, spattered with blood here.
You erupt in a blast of force!
The mystic blast hits the orc wizard!
The orc wizard is knocked back by the mystic blast.
The orc wizard collides with the orc!
The mystic blast misses the orc knight.
The mystic blast hits the orc knight!
The orc knight is knocked back by the mystic blast.
The mystic blast hits the orc knight!
The orc knight is knocked back by the mystic blast.
The mystic blast hits the two-headed ogre!
The two-headed ogre is knocked back by the mystic blast.
The mystic blast hits the orc warrior!
The orc warrior is knocked back by the mystic blast.
The mystic blast misses the orc warrior.
The mystic blast misses the orc knight.
You hear a shout! x3
The orc knight hits you with a +0 great mace!!!
* * * LOW HITPOINT WARNING * * *
The orc warrior hits you with a +0 long sword!
* * * LOW HITPOINT WARNING * * *
The orc knight roars a battlecry!
The orc knight goes into a battle-frenzy!
The orc knight hits you with a +0 great mace!!!
You die...

........#....#
.... ........#
.............#.
..... $.......#
§§≈≈...o.......
§§≈§$.#...o....
§o≈≈..o.......#
O§≈≈ooo@.[O#
####.oo.o..T...
.......[[....o.
....o..o...#...
####...........
≈...........
≈≈...........
≈§≈........#..


You could see 7 orc knights, 2 two-headed ogres, a troll, 2 orc warriors, an orc
priest (strong), 2 orc wizards and an orc (strong).

Vanquished Creatures
  Harold (D:8)
  2 two-headed ogres
  Urug (D:10)
  Pikel (D:4)
  3 orc knights
  An ugly thing (D:7)
  4 orc sorcerers (Orc:1)
  Maurice (D:10)
  A cane toad (Lair:1)
  A black mamba (Lair:1)
  A rime drake (Lair:1)
  Maggie (D:6)
  A merfolk (D:11)
  4 trolls
  Prince Ribbit (D:5)
  A hippogriff (D:5)
  A hornet (D:11)
  Grinder (D:5)
  Sigmund (D:5)
  10 yaks
  A basilisk (Lair:1)
  2 wargs (Orc:1)
  4 water moccasins
  A porcupine (Lair:1)
  A phantom (D:4)
  A black bear (D:6)
  13 orc warriors
  A necrophage (D:7)
  An ice beast (D:10)
  5 sky beasts
  12 ogres
  5 wolves (Lair:1)
  3 centaurs
  A big kobold (D:9)
  7 bullfrogs
  A wyvern zombie (D:7)
  3 gnoll sergeants (D:6)
  5 scorpions
  12 killer bees
  12 wights
  A bullfrog zombie (D:5)
  4 centaur zombies
  A quasit (D:8)
  6 hounds
  3 orc priests
  A centaur skeleton (D:9)
  2 gnoll shamans (D:6)
  A jelly (D:11)
  9 orc wizards
  2 bullfrog skeletons (D:11)
  2 iguanas
  12 worker ants
  Natasha (twice) (D:2)
  A hound zombie (D:7)
  A hound skeleton (D:7)
  Robin (D:4)
  12 gnolls
  25 adders
  A hound simulacrum (D:7)
  2 shadow imps (D:9)
  2 white imps
  3 ufetubi
  2 adder skeletons
  2 worms (D:2)
  2 dart slugs (D:1)
  6 leopard geckos
  49 orcs
  3 giant cockroaches
  13 goblins
  16 hobgoblins
  14 jackals
  16 kobolds
  3 quokkas
  2 ball pythons
  8 bats
  3 frilled lizards
  9 rats
371 creatures vanquished.

Vanquished Creatures (others)
  An orc wizard (Orc:1)
  An orc (Orc:2)
  24 fulminant prisms
26 creatures vanquished.

Grand Total: 397 creatures vanquished

Notes
Turn   | Place    | Note
-------+----------+-------------------------------------------
     0 | D:1      | Apogee the Human Conjurer began the quest for the Orb.
     0 | D:1      | Reached XP level 1. HP: 13/13 MP: 3/3
   336 | D:1      | Reached XP level 2. HP: 7/19 MP: 0/5
   525 | D:1      | Learned a level 2 spell: Searing Ray
  1137 | D:2      | Noticed an ogre
  1140 | D:2      | Reached XP level 3. HP: 24/24 MP: 2/6
  1534 | D:2      | Reached XP level 4. HP: 29/30 MP: 5/8
  1650 | D:2      | Killed an ogre
  1650 | D:2      | Reached skill level 5 in Conjurations
  1650 | D:2      | Reached XP level 5. HP: 35/35 MP: 3/10
  1906 | D:2      | Noticed Natasha
  1913 | D:2      | Killed Natasha
  2039 | D:2      | Noticed Natasha
  2269 | D:2      | Killed Natasha
  2269 | D:2      | Reached XP level 6. HP: 6/41 MP: 1/12
  2841 | D:2      | Noticed Natasha
  3312 | D:3      | Learned a level 3 spell: Dazzling Flash
  3317 | D:3      | Learned a level 4 spell: Iskenderun's Mystic Blast
  3679 | D:3      | Found a faded altar of an unknown god.
  4256 | D:4      | Noticed Robin
  4263 | D:4      | Killed Robin
  4263 | D:4      | Reached XP level 7. HP: 26/46 MP: 7/13
  4408 | D:4      | Found Zucwap's Distillery.
  4457 | D:4      | Reached skill level 1 in Translocations
  4552 | D:4      | Found a staircase to the Ecumenical Temple.
  4575 | Temple   | Entered the Ecumenical Temple
  4716 | Temple   | Became a worshipper of Sif Muna the Loreminder
  4941 | D:4      | Reached skill level 5 in Spellcasting
  5249 | D:5      | Entered Level 5 of the Dungeon
  5249 | D:5      | Noticed Prince Ribbit
  5256 | D:5      | Killed Prince Ribbit
  5256 | D:5      | Reached XP level 8. HP: 28/52 MP: 4/16
  5516 | D:5      | Noticed a hippogriff
  5534 | D:5      | Killed a hippogriff
  5637 | D:5      | Noticed Pikel
  6289 | D:4      | Killed Pikel
  6289 | D:4      | Reached XP level 9. HP: 43/57 MP: 9/18
  6652 | D:5      | Found an opulent altar of Gozag.
  6811 | D:5      | Noticed Grinder
  6825 | D:5      | Noticed Sigmund
  6888 | D:5      | Found a shattered altar of Ashenzari.
  7022 | D:5      | Found a bloodstained altar of Trog.
  7023 | D:5      | Found a stormy altar of Qazlal.
  7025 | D:5      | Found a hide-covered altar of Uskayaw.
  7028 | D:5      | Found an ornate altar of the Wu Jian Council.
  7055 | D:5      | Killed Sigmund
  7283 | D:5      | Killed Grinder
  7544 | D:5      | Found Faiwnuim's Distillery.
  7757 | D:6      | Reached * piety under Sif Muna
  7847 | D:6      | Got a masterwork cloak
  7858 | D:6      | Identified the +1 cloak of Curiosity {rF+ MR+ Str+5} (You
                  | found it on level 6 of the Dungeon)
  7866 | D:6      | Found Syggeik's Magic Scroll Boutique.
  7872 | D:6      | Bought a scroll of teleportation for 45 gold pieces
  8377 | D:6      | Reached XP level 10. HP: 58/63 MP: 20/22
  8481 | D:6      | Reached skill level 10 in Conjurations
  8870 | D:6      | Reached ** piety under Sif Muna
  9347 | D:6      | Noticed Maggie
  9359 | D:6      | Killed Maggie
 10258 | D:7      | You fall into a shaft and drop 3 floors!
 10258 | D:10     | Entered Level 10 of the Dungeon
 10344 | D:9      | Noticed a two-headed ogre
 10353 | D:9      | Killed a two-headed ogre
 10859 | D:8      | Noticed Harold
 10882 | D:8      | Killed Harold
 11159 | D:7      | Reached XP level 11. HP: 74/76 MP: 24/24
 11198 | D:7      | Got a brightly glowing leather armour
 11199 | D:7      | Identified the +3 leather armour "Cesso" {rElec rF+ MR-
                  | rCorr} (You found it on level 7 of the Dungeon)
 11216 | D:7      | Noticed a brown ugly thing
 11217 | D:7      | Found the +9 staff of Olgreb {rPois∞}
 11259 | D:7      | Killed a brown ugly thing
 11492 | D:7      | Identified the Volume of Creative Confrontation
 11550 | D:7      | Reached skill level 5 in Armour
 11618 | D:7      | Reached skill level 5 in Fighting
 11638 | D:7      | Reached *** piety under Sif Muna
 12497 | D:8      | Learned a level 4 spell: Passage of Golubria
 12694 | D:8      | Learned a level 4 spell: Fulminant Prism
 12788 | D:8      | You fall into a shaft and drop 3 floors!
 12948 | D:11     | Reached skill level 1 in Hexes
 13641 | D:11     | Noticed a skeletal warrior
 13642 | D:11     | Noticed a skeletal warrior
 13643 | D:11     | Noticed a skeletal warrior
 13802 | D:10     | Identified the +9 rapier "Buliys" {holy, MR++ Int+4}
 13870 | D:10     | Found a staircase to the Lair.
 14304 | D:10     | Reached **** piety under Sif Muna
 14593 | D:10     | Found a staircase to the Orcish Mines.
 14595 | D:10     | Found Taom's Weapon Boutique.
 14970 | D:11     | Got a spiked scale mail
 15053 | D:11     | Reached skill level 5 in Dodging
 15220 | D:11     | Reached XP level 12. HP: 88/88 MP: 25/25
 15341 | D:11     | Noticed a skeletal warrior
 15718 | Orc:1    | Entered Level 1 of the Orcish Mines
 15728 | Orc:1    | Noticed Maurice
 15820 | Orc:1    | Noticed Urug
 16209 | D:10     | Killed Maurice
 16535 | Lair:1   | Entered Level 1 of the Lair of Beasts
 17452 | Lair:1   | Reached skill level 10 in Spellcasting
 17689 | Lair:1   | Identified a scroll of acquirement
 17703 | Lair:1   | Identified the +2 scale mail of Gallantry {Int+3} (You
                  | found it on level 11 of the Dungeon)
 17938 | D:9      | Found a radiant altar of Vehumet.
 18150 | D:9      | Reached ***** piety under Sif Muna
 18150 | D:9      | Received a gift from Sif Muna
 18746 | Orc:1    | Reached skill level 5 in Hexes
 18935 | D:10     | Killed Urug
 18935 | D:10     | Reached skill level 1 in Shields
 19306 | Orc:1    | Found a runed translucent gate.
 19306 | Orc:1    | Found a runed translucent gate.
 19306 | Orc:1    | Found a runed translucent gate.
 19306 | Orc:1    | Noticed Arthanis's ghost (journeyman GrBe)
 19306 | Orc:1    | Noticed Neptetom's ghost (journeyman GnCj)
 19306 | Orc:1    | Noticed Ular's ghost (journeyman MiFi)
 19307 | Orc:1    | Noticed Neylexil's ghost (journeyman KoAM)
 19307 | Orc:1    | Noticed Neylexil's ghost (journeyman KoAM)
 19309 | Orc:1    | Found the +4 dagger "Morg" {pain, MR+ Int+5}
 19483 | Orc:2    | Entered Level 2 of the Orcish Mines
 19490 | Orc:2    | Noticed a two-headed ogre
 19604 | Orc:2    | Noticed a two-headed ogre
 19605 | Orc:2    | Noticed a soul eater
 19689 | Orc:2    | Noticed a two-headed ogre
 20058 | Orc:1    | Killed a two-headed ogre
 20058 | Orc:1    | Reached skill level 5 in Shields
 20322 | Orc:1    | Noticed a sixfirhy
 20432 | Orc:1    | Reached XP level 13. HP: 93/93 MP: 11/27
 20759 | Orc:2    | Mangled by an orc knight

Illustrated notes

Levels and vault maps discovered:
D:1:      minmay_arrival_checkered_box, layout_rooms
D:2:      layout_loops_ring, minmay_between, uniq_natasha
D:3:      layout_basic, chequers_ecumenical_altar_simple
D:4:      layout_loops_cross, minmay_temple_entry_sparse_star, serial_shops,
          kennysheep_mini, uniq_robin
D:5:      minmay_skewed_foursquare, layout_rooms,
          nicolae_gozag_cash_rules_everything_around_me, minitemple,
          first_ration, serial_shops, nicolae_shop_behind_doors,
          guppyfry_early_lair_pool, uniq_prince_ribbit1, uniq_grinder,
          uniq_sigmund, uniq_pikel
D:6:      kennysheep_housing_project, layout_gridville, serial_shops, shop,
          uniq_maggie
D:7:      minmay_the_grid_octo_tiled_squarecenter [minmay_the_grid_octo_77,
          minmay_the_grid_octo_odd_swirl, minmay_the_grid_octo_tetromino_candy,
          minmay_the_grid_octo_checkered,
          minmay_the_grid_square_5x5_megaprize_crossed,
          minmay_the_grid_square_5x5_six_small, minmay_the_grid_square_5x5_c,
          minmay_the_grid_square_5x5_doubleslash,
          minmay_the_grid_square_5x5_gyroscope], layout_loops_ring
D:8:      layout_rooms, uniq_harold
D:9:      layout_cave_pools, serial_column_ruins, column_ruins_temple_circle,
          column_ruins_hut, column_ruins_corridor_water, column_ruins_open_tiny,
          column_ruins_open_medium, column_ruins_columns_T,
          column_ruins_open_small, column_ruins_grid_1
D:10:     layout_grid_maze, lair_entry_dummy, orc_david_3
D:11:     layout_roguey, hangedman_fish_farm
Temple:   regret_index_temple_sphere_string
Lair:1:   layout_regular_city
Orc:1:    layout_caves, gammafunk_ghost_cemetery, uniq_urug, uniq_maurice
Orc:2:    grunt_orc_gardens, layout_caves, grunt_orc_garden, grunt_orc_garden,
          grunt_orc_garden, grunt_orc_garden, gammafunk_ghost_smash,
          guppyfry_orc_lava_fort

Skill      XL: |  1  2  3  4  5  6  7  8  9 10 11 12 |
---------------+-------------------------------------+-----
Spellcasting   | 3 4 5 6 8 9 10 | 10.0
Conjurations   | 5 6 8 9 10 | 10.7
Translocations | 3 4 |  4.0
Fighting       | 3 6 |  6.4
Armour         | 3 6 |  6.0
Hexes          | 4 6 |  6.3
Dodging        | 5 7 |  7.5
Shields        | 5 |  5.0
Stealth        | |  2.0

Action                   |  1- 3 |  4- 6 |  7- 9 | 10-12 | 13-15 || total
-------------------------+-------+-------+-------+-------+-------++-------
Melee: Dagger            |    12 |       |       |       |       ||    12
       Short sword       |    10 |    14 |    53 |       |       ||    77
       Spear             |       |       |       |   160 |       ||   160
       Rapier            |       |       |       |   140 |       ||   140
Throw: Stone             |       |       |    17 |       |       ||    17
 Cast: Magic Dart        |    52 |   100 |    63 |   173 |       ||   388
       Searing Ray       |     1 |    15 |    28 |    73 |     1 ||   118
       Iskenderun's Myst |       |       |    29 |   134 |     8 ||   171
       Fulminant Prism   |       |       |       |    24 |       ||    24
       Dazzling Flash    |       |       |       |     2 |       ||     2
  Use: Scroll            |       |       |    10 |    14 |       ||    24
 Stab: Sleeping          |     2 |       |     1 |     5 |       ||     8
       Invisible         |       |       |       |     1 |       ||     1
  Eat: Ration            |     1 |     2 |     4 |    11 |       ||    18
Armor: Robe              |     8 |     2 |     6 |       |       ||    16
       Ring mail         |       |       |    11 |     9 |       ||    20
       Acid dragon scale |       |       |       |   140 |       ||   140
Dodge: Dodged            |    23 |    19 |    45 |   235 |     9 ||   331
Block: Buckler           |       |       |       |     4 |     2 ||     6

Table legend:
 A = Non-vault XP
 B = Vault XP
 C = Vault XP percentage of total XP
 D = Non-vault monster count
 E = Vault monster count
 F = Vault count percentage of total count
                 A         B        C        D         E       F
            +---------+---------+-------+---------+---------+-------
      Total |   17588 |   10127 |  36.5 |     281 |      90 |  24.3
            +---------+---------+-------+---------+---------+-------
        D:1 |      26 |       0 |   0.0 |      13 |       0 |   0.0
        D:2 |     310 |      39 |  11.2 |      41 |       4 |   8.9
        D:3 |     122 |       2 |   1.6 |      31 |       1 |   3.1
        D:4 |     326 |     734 |  69.2 |       5 |       9 |  64.3
        D:5 |     771 |     968 |  55.7 |      14 |       9 |  39.1
        D:6 |     668 |    1327 |  66.5 |      17 |      31 |  64.6
        D:7 |     906 |    1172 |  56.4 |      25 |      15 |  37.5
        D:8 |     685 |     194 |  22.1 |      15 |       1 |   6.2
        D:9 |    3097 |       0 |   0.0 |      38 |       0 |   0.0
       D:10 |    3390 |    1577 |  31.7 |      27 |       9 |  25.0
       D:11 |    2308 |     298 |  11.4 |      18 |       1 |   5.3
     Lair:1 |    2898 |       0 |   0.0 |      17 |       0 |   0.0
      Orc:1 |    1858 |    3813 |  67.2 |      15 |       9 |  37.5
      Orc:2 |     223 |       3 |   1.3 |       5 |       1 |  16.7
            +---------+---------+-------+---------+---------+-------
